Description

Collo Drop into 2 base All in continued collo production behind.

VOD

https://www.youtube.com/watch?v=7vIdE4rmYaU

Replay - Deathaura LE (20)

Build Order

Get SALT Encoding   

  12  0:02  Probe  
  13  0:14  Probe  
  14  0:19  Pylon  
  14  0:25  Probe  
  15  0:33  Probe  
  15  0:40  Gateway  
  15  0:41  Probe  
  17  0:50  Assimilator  
  17  0:52  Probe  
  18  1:04  Probe  
  19  1:17  Probe  
  20  1:25  Nexus  
  20  1:36  Cybernetics Core  
  20  1:38  Probe  
  21  1:44  Assimilator  
  21  1:50  Probe  
  21  1:53  Pylon  
  22  2:02  Stalker  
  23  2:12  Warp Gate  
  26  2:28  Robotics Facility  
  27  2:33  Adept  
  34  3:03  Gateway  
  36  3:07  Warp Prism  
  36  3:15  Robotics Bay  
  39  3:22  Adept  
  39  3:25  Pylon  
  43  3:37  Pylon  
  45  3:49  Colossus  
  47  4:06  Assimilator  
  47  4:07  Pylon  
  47  4:09  Gravitic Drive  
  55  4:13  Assimilator  
  57  4:28  Gateway x2  
  58  4:32  Disruptor  
  61  4:49  Gateway x3  
  61  4:54  Gateway  
  61  4:58  Immortal  
  61  5:06  Sentry  
  63  5:07  Stalker  
  69  5:23  Stalker  
  71  5:30  Stalker x3  
  77  5:37  Observer  
  78  5:47  Sentry  
  78  5:48  Zealot x3  
  86  5:54  Zealot x2, Sentry  
  92  6:11  Zealot x3, Sentry x2  
  102  6:24  Zealot x2  
  114  6:42  Stalker x2  
  112  6:57  Stalker x2  
Spawning Tool Build Advisor. Get it on Overwolf

Analysis

Collo drop, then a Disruptor, and an immortal. Soon as immortal is done, start an Observer and move out. Pair this with sentries because forcefields are your disengagement tool

Go to:

Details

  • Created by: Hoplite111
  • Published on: Aug 14, 2020
  • Modified on: Aug 14, 2020
  • Patch: 4.11.0
  • Difficulty: Medium
Show
View Real Time Build Order
Export as new Build Order

Comments (0)

There are no comments. Be the first!

Create an account to comment!